 Dungeon Crawl Stone Soup version 0.30-a0-528-g8c47a4955b (webtiles) character file.

Game seed: 23584437277727128

23 Alacron the Trooper (level 3, 33/33 HPs)
             Began as a Hill Orc Fighter on Dec 8, 2022.
             Quit the game on level 1 of the Dungeon on Jan 4, 2023.
             The game lasted 00:04:58 (497 turns).

Alacron the Trooper (Hill Orc Fighter)               Turns: 497, Time: 00:04:59

Health: 33/33      AC:  7    Str: 20    XL:     3   Next: 0%
Magic:  3/3        EV:  9    Int:  8    God:
Gold:   29         SH:  4    Dex: 10    Spells: 2/2 levels left

rFire   . . .      SeeInvis .    a - +0 war axe
rCold   . . .      Faith    .    c - +0 buckler
rNeg    . . .      Spirit   .    b - +0 scale mail
rPois   .          Reflect  .    (no helmet)
rElec   .          Harm     .    (no cloak)
rCorr   .          Rampage  .    (no gloves)
Will    .....                    (no boots) Stlth
                                 (no amulet)
HPRegen 0.25/turn                (no ring)
MPRegen 0.08/turn                (no ring)

@: no status effects
A: no striking features
a: no special abilities


You were on level 1 of the Dungeon.
You visited 1 branch of the dungeon, and saw 1 of its levels.

You collected 29 gold pieces.

Inventory:

Hand Weapons
 a - a +0 war axe (weapon)
Armour
 b - a +0 scale mail (worn)
 c - a +0 buckler (worn)
Jewellery
 h - a ring of protection from cold
Scrolls
 e - a scroll of enchant weapon {unknown}
 f - a scroll of blinking {unknown}
 g - a scroll of noise {unknown}
 i - a scroll of amnesia {unknown}
Potions
 d - 2 potions of might


   Skills:
 + Level 4.0 Fighting
 + Level 3.1 Axes
 + Level 3.8 Armour
 + Level 3.5 Shields


You had 2 spell levels left.
You didn't know any spells.
Your spell library contained the following spells:

 Spells                   Type           Power      Damage    Failure   Level
 Animate Armour           Summ/Erth      0%         N/A       100%        4
 Blade Hands              Tmut           0%         N/A       100%        5
 Iron Shot                Conj/Erth      0%         9d1       100%        6


Dungeon Overview and Level Annotations

Branches:
Dungeon (1/15)

Altars:

Shops:
D:1 =


Message History

The goblin is severely wounded.
The goblin hits you with a +0 dagger.
You hit the goblin.
You kill the goblin!
Found Behof's One-of-a-Kind Rings.
The kobold barely misses you.
Things that are here:
a +0 dagger; a goblin corpse You closely miss the kobold.
The kobold misses you.
The kobold hits you with a +0 short sword.
You hit the kobold.
You kill the kobold!
Your Fighting skill increases to level 4!
No target in view!
Things that are here:
a +0 short sword; 3 stones; a kobold corpse
There is an entrance to Behof's One-of-a-Kind Rings here.
Welcome back, Alacron the Hill Orc Fighter.
Press ? for a list of commands and other information.
You see here a +0 dagger.
A rat comes into view.
Found a stone staircase leading down.
You slash the rat!
You kill the rat!
You have reached level 3!
Your experience leads to an increase in your attributes!
Increase (S)trength, (I)ntelligence, or (D)exterity?
Welcome back, Alacron the Hill Orc Fighter.
Press ? for a list of commands and other information.
You have reached level 3!
Your experience leads to an increase in your attributes!
Increase (S)trength, (I)ntelligence, or (D)exterity?
Welcome back, Alacron the Hill Orc Fighter.
Press ? for a list of commands and other information.
You have reached level 3!
Your experience leads to an increase in your attributes!
Increase (S)trength, (I)ntelligence, or (D)exterity?
You feel stronger. x2
Unknown command.
Unknown command.
Are you sure you want to abandon this character and quit the game? (Confirm with "yes".)

#. #.#######...) #.#
#.# ###...) #.# #.#
#...... #.#
#.#####......
#.####.#..........
###.##.....######...
#...##.#....#####...
#...................
#..@##.#...........#
##.†##......###..###
#..####.#...##..#
#..> ....#.##..#
#... ..#...##..###
#.############.....
#. #.#### #. #.#
############.#


There were no monsters in sight!

Vanquished Creatures
  A bat (D:1)
  3 endoplasms (D:1)
  5 giant cockroaches (D:1)
  2 goblins (D:1)
  2 hobgoblins (D:1)
  A quokka (D:1)
  A ball python (D:1)
  4 kobolds (D:1)
  A rat (D:1)
20 creatures vanquished.

Notes
Turn   | Place    | Note
-------+----------+-------------------------------------------
     0 | D:1      | Alacron the Hill Orc Fighter began the quest for the Orb.
     0 | D:1      | Reached XP level 1. HP: 19/19 MP: 1/1
    72 | D:1      | Reached XP level 2. HP: 15/27 MP: 2/2
   362 | D:1      | Found Behof's One-of-a-Kind Rings.
   365 | D:1      | Reached skill level 4 in Fighting
   377 | D:1      | Upgraded the game from 0.30-a0-414-gcb316572d5 to
                  | 0.30-a0-439-g9e77e4d916
   497 | D:1      | Upgraded the game from 0.30-a0-439-g9e77e4d916 to
                  | 0.30-a0-528-g8c47a4955b
   497 | D:1      | Reached XP level 3. HP: 33/33 MP: 3/3
   497 | D:1      | Quit the game

Illustrated notes

Levels and vault maps discovered:
D:1:      minmay_arrival_three_doors, layout_loops_ring,
          nicolae_shop_unique_rings, chequers_mini_garden

Skill      XL: |  1  2 |
---------------+-------+-----
Axes           | 3 |  3.1
Fighting       | 4 |  4.0
Armour         | |  3.8
Shields        | |  3.5

Action                   || total
-------------------------++-------
Melee: War axe           ||    42
Armor: Scale mail        ||    23
Dodge: Dodged            ||    27
Block: Buckler           ||     9

Table legend: (Time is in decaauts)
 A = Elapsed time spent in this place.
 B = Non-inter-level travel time spent in this place.
 C = Inter-level travel time spent in this place.
 D = Time resting spent in this place.
 E = Time spent auto-exploring this place.
 F = Levels seen in this place.
 G = Mean time per level.
                   A        B        C        D        E       F      G
               +--------+--------+--------+--------+--------+-----+--------+
         Total |    513 |    398 |    115 |      0 |    286 |   1 |  513.0 |
       Dungeon |    513 |    398 |    115 |      0 |    286 |   1 |  513.0 |
               +--------+--------+--------+--------+--------+-----+--------+

Top non-repeatable levels by time:
     D:1: 513 daAuts
